 Dungeon Crawl Stone Soup version 0.31-a0-986-g5e6e4ef867 (webtiles) character file.

Game seed: 15741602788164586822

1112 BapaGohns the Thaumaturge (level 8, -2/41 HPs)
             Began as a Deep Elf Necromancer on Nov 13, 2023.
             Was an Initiate of Kikubaaqudgha.
             Succumbed to an orc wizard's poison
             ... on level 8 of the Dungeon on Nov 14, 2023.
             The game lasted 00:18:18 (1816 turns).

BapaGohns the Thaumaturge (Deep Elf Necromancer)    Turns: 1816, Time: 00:18:18

Health: -2/41      AC:  4    Str:  5    XL:     8   Next: 11%
Magic:  23/23      EV: 13    Int: 23    God:    Kikubaaqudgha [......]
Gold:   1236       SH:  0    Dex: 15    Spells: 25/26 levels left

rFire   . . .        (no weapon)
rCold   . . .        (no shield)
rNeg    . . .        a - +2 robe
rPois   .            (no helmet)
rElec   .            (no cloak)
rCorr   .            (no gloves)
SInv    .            (no boots)
Will    .....        f - amulet of faith
Stlth   +            e - ring of wizardry
HPRegen 0.26/turn    (no ring)
MPRegen 0.18/turn

%: faith, wizardry (x1)
@: confused, lethally poisoned (-2 -> -16)
A: no striking features
a: Renounce Religion


You were on level 8 of the Dungeon.
You worshipped Kikubaaqudgha.
Kikubaaqudgha was noncommittal.
You visited 2 branches of the dungeon, and saw 9 of its levels.

You collected 1236 gold pieces.

Inventory:

Armour
 a - a +2 robe (worn)
Jewellery
 e - a ring of wizardry (left hand)
 f - an amulet of faith (around neck)
Wands
 c - a wand of quicksilver (11)
Scrolls
 d - a scroll of noise
Potions
 b - a potion of magic
 h - a potion of haste
 i - a potion of lignification


   Skills:
 + Level 0.2 Fighting
 + Level 2.9 Dodging
 + Level 2.8 Stealth
 + Level 9.5 Spellcasting
 + Level 8.9 Necromancy
 + Level 0.9 Evocations


You had 25 spell levels left.
You knew the following spells:

 Your Spells              Type           Power      Damage    Failure   Level
a - Necrotise             Necr           100%       1d9       1%          1

Your spell library contained the following spells:

 Spells                   Type           Power      Damage    Failure   Level
 Vampiric Draining        Necr           51%        2d9       1%          3
 Animate Dead             Necr           51%        N/A       1%          4
 Agony                    Necr           51%        N/A       1%          5
 Volatile Blastmotes      Fire/Tloc      22%        2d11      8%          3
 Fulminant Prism          Conj/Hex       5%         3d7       24%         4
 Iskenderun's Mystic Bla  Conj/Tloc      11%        2d4       24%         4


Dungeon Overview and Level Annotations

Branches:
Dungeon (8/15)             Temple (1/1) D:6
   Lair: D:8-11

Altars:
Ashenzari
Cheibriados
Elyvilon
Fedhas
Gozag
Hepliaklqana
Kikubaaqudgha
Nemelex Xobeh
Okawaru
Qazlal
Ru
Sif Muna
Trog
Vehumet
Wu Jian
Xom
Zin
The Shining One


Message History

The orc priest barely misses you. Something hits you but does no damage.
You are poisoned.
There are monsters nearby!
There are monsters nearby!
There are monsters nearby!
You feel sick.
The orc priest attacks as it pursues you!
The orc priest closely misses you.
Your orc priest skeleton hits the orc priest but does no damage.
Something hits you.
You are more poisoned.
The orc wizard casts a spell at you.
You are more confused.
You feel less invigorated.
You feel very sick.
The orc priest invokes the aid of Beogh against you.
Pain shoots through your body!
Your orc priest skeleton hits the orc priest.
Something hits you but does no damage.
You are more poisoned.
You feel very sick. Something hits you.
You are lethally poisoned!
You are too confused!
You bump into the rock wall.
You feel extremely sick.
Your orc priest skeleton barely misses something.
You feel very sick.
The orc priest attacks as it pursues you!
The orc priest barely misses you.
You feel very sick.
The orc wizard gestures at you while chanting.
The magic dart hits something!
Reactivating autopickup.
You feel a bit more experienced.
The orc priest mumbles some strange prayers to Beogh against you.
Beogh smites you!
* * * LOW HITPOINT WARNING * * *
You die...
Kikubaaqudgha rasps: "You have failed me!
Welcome... death!"

##..........#
#........<.#
#..........#
#.....)....#
#..........#
#..........#
#....Z.....#
#....o)....#
#....o@....#
############


You could see an orc priest, an orc wizard (ally target) and a friendly orc
priest skeleton.

Vanquished Creatures
  Menkaure (D:5)
  An ice beast (D:6)
  An ogre (D:5)
  4 bullfrogs
  3 wights (D:7)
  A howler monkey (D:4)
  2 hounds (D:5)
  2 orc priests
  Jessica (D:3)
  Ijyb (D:4)
  An orc wizard (D:6)
  3 gnolls (D:5)
  5 adders
  2 ufetubi (D:5)
  7 orcs
  2 giant cockroaches (D:4)
  2 hobgoblins
  4 kobolds
  2 quokkas
  A frilled lizard (D:3)
  2 goblins (D:3)
  A rat (D:3)
49 creatures vanquished.

Vanquished Creatures (collateral kills)
  2 jellies (D:7)
  An orc (D:6)
  An endoplasm (D:4)
4 creatures vanquished.

Vanquished Creatures (others)
  An orc wizard (D:8)
1 creature vanquished.

Grand Total: 54 creatures vanquished

Notes
Turn   | Place    | Note
-------+----------+-------------------------------------------
     0 | D:1      | BapaGohns the Deep Elf Necromancer began the quest for the
                  | Orb.
     0 | D:1      | Reached XP level 1. HP: 10/10 MP: 6/6
    53 | D:1      | Reached skill level 5 in Necromancy
    97 | D:2      | Reached XP level 2. HP: 8/15 MP: 4/8
   224 | D:3      | Reached XP level 3. HP: 19/19 MP: 6/10
   264 | D:3      | Noticed Jessica
   271 | D:3      | Killed Jessica
   275 | D:3      | Reached skill level 4 in Spellcasting
   281 | D:3      | Found a radiant altar of Vehumet.
   433 | D:4      | Reached XP level 4. HP: 17/24 MP: 4/12
   438 | D:4      | Noticed Ijyb
   462 | D:4      | Killed Ijyb
   463 | D:4      | Reached skill level 5 in Spellcasting
   574 | D:4      | HP: 1/24 [orc/bolt of dispelling energy (23)]
   614 | D:4      | Identified a scroll of acquirement
   614 | D:4      | Identified the "Gotew" (You acquired it on level 4 of the
                  | Dungeon)
   614 | D:4      | Acquired 1091 gold pieces
   695 | D:5      | Entered Level 5 of the Dungeon
   727 | D:5      | Noticed an ogre
   737 | D:5      | Killed an ogre
   738 | D:5      | Reached XP level 5. HP: 8/28 MP: 6/15
   808 | D:5      | Reached skill level 6 in Spellcasting
   812 | D:5      | Noticed Menkaure
   815 | D:5      | Reached XP level 6. HP: 30/32 MP: 7/17
   822 | D:5      | Killed Menkaure
   982 | D:5      | Reached skill level 7 in Spellcasting
  1131 | D:6      | Noticed an ice beast
  1139 | D:6      | Killed an ice beast
  1140 | D:6      | Reached XP level 7. HP: 36/36 MP: 14/20
  1171 | D:6      | Found a staircase to the Ecumenical Temple.
  1181 | Temple   | Entered the Ecumenical Temple
  1217 | Temple   | Became a worshipper of Kikubaaqudgha
  1496 | D:6      | Reached skill level 8 in Spellcasting
  1729 | D:7      | Reached skill level 9 in Spellcasting
  1731 | D:7      | Reached XP level 8. HP: 39/41 MP: 17/23
  1750 | D:7      | Found a sparkling altar of Nemelex Xobeh.
  1815 | D:8      | HP: 1/41 [orc priest/divine providence (12)]
  1816 | D:8      | Succumbed to an orc wizard's poison

Illustrated notes

Levels and vault maps discovered:
D:1:      eino_arrival_water_star, layout_loops_ring, roderic_roman_lattice
D:2:      layout_basic, hellmonk_ecumenical_altar_blasted,
          guppyfry_early_orc_mine, uniq_terence
D:3:      layout_loops_ring, vehumet_crystals, uniq_jessica
D:4:      layout_basic, uniq_ijyb
D:5:      layout_basic, serial_aquarium, aquarium_bridge_square
          [aquarium_subvault_wall, aquarium_subvault_bridge,
          aquarium_subvault_balcony, aquarium_subvault_window],
          aquarium_bridge_straight [aquarium_subvault_bridge,
          aquarium_subvault_window, aquarium_subvault_bridge,
          aquarium_subvault_window], aquarium_window_corridor_1,
          aquarium_window_1, aquarium_view_2d, aquarium_view_2c,
          aquarium_pool_2, uniq_menkaure
D:6:      layout_basic, minmay_temple_entry_junction_2
D:7:      minmay_the_grid_triangle_9x9_rhombus_full
          [minmay_the_grid_triangle_9x9_tough_junction,
          minmay_the_grid_triangle_9x9_negative_grid,
          minmay_the_grid_triangle_9x9_longest,
          minmay_the_grid_triangle_9x9_swiss_cheese,
          minmay_the_grid_triangle_9x9_pentomino_pain,
          minmay_the_grid_triangle_9x9_shrine,
          minmay_the_grid_triangle_9x9_subtriangle,
          minmay_the_grid_triangle_9x9_prize_special], layout_basic,
          nemelex_xobeh_ov_fountains_minmay, serial_shops,
          nicolae_shop_waterfront, corexii_hall_statues_i
D:8:      layout_basic, jmf_multi_god_temple2, yredelemnul_altar_generic,
          nicolae_uskayaw_dance_hall, kennysheep_generic_room_15
Temple:   nicolae_temple_bog_church

Skill      XL: |  1  2  3  4  5  6  7 |
---------------+----------------------+-----
Necromancy     | 5 6 7 8 |  8.9
Spellcasting   | 4 5 6 7 9 |  9.5
Fighting       | |  0.2
Dodging        | |  2.9
Stealth        | |  2.8
Evocations     | |  0.9

Action                     |  1- 3 |  4- 6 |  7- 9 || total
---------------------------+-------+-------+-------++-------
  Melee: Unarmed           |       |     1 |       ||     1
   Cast: Necrotise         |    36 |    49 |    54 ||   139
  Evoke: Wand              |       |     8 |     4 ||    12
    Use: Scroll            |     3 |     6 |     5 ||    14
         Potion            |       |     3 |     3 ||     6
 Armour: Robe              |     7 |    17 |    25 ||    49
  Dodge: Dodged            |     6 |    19 |    17 ||    42

Table legend: (Time is in decaauts)
 A = Elapsed time spent in this place.
 B = Non-inter-level travel time spent in this place.
 C = Inter-level travel time spent in this place.
 D = Time resting spent in this place.
 E = Time spent auto-exploring this place.
 F = Levels seen in this place.
 G = Mean time per level.
                   A        B        C        D        E       F      G
               +--------+--------+--------+--------+--------+-----+--------+
         Total |   1822 |   1764 |     58 |      0 |      0 |   9 |  202.4 |
       Dungeon |   1763 |   1713 |     50 |      0 |      0 |   8 |  220.4 |
        Temple |     59 |     51 |      8 |      0 |      0 |   1 |   59.0 |
               +--------+--------+--------+--------+--------+-----+--------+

Top non-repeatable levels by time:
     D:5: 432 daAuts
     D:6: 399 daAuts
     D:3: 298 daAuts
     D:4: 283 daAuts
     D:7: 199 daAuts
     D:1: 71 daAuts
  Temple: 59 daAuts
     D:2: 47 daAuts
     D:8: 30 daAuts
